 Dungeon Crawl Stone Soup version 0.29.1-15-g9cfb28693d (webtiles) character file.

Game seed: 11716202218483696052

79 GigaChad the Covered (level 4, 0/40 HPs)
             Began as a Minotaur Fighter on Mar 13, 2023.
             Killed by nerve-wracking pain
             ... invoked by an orc priest
              (2 damage)
             ... on level 3 of the Dungeon.
             The game lasted 00:02:04 (1457 turns).

GigaChad the Covered (Minotaur Fighter)             Turns: 1457, Time: 00:02:04

Health: 0/40       AC:  7    Str: 23    XL:     4   Next: 17%
Magic:  3/3        EV:  9    Int:  5    God:
Gold:   34         SH:  4    Dex:  9    Spells: 3/3 levels left

rFire   . . .      SeeInvis .   a - +0 war axe
rCold   . . .      Faith    .   c - +0 buckler
rNeg    . . .      Spirit   .   b - +0 scale mail
rPois   .          Reflect  .   (helmet restricted)
rElec   .          Harm     .   (no cloak)
rCorr   .          Rampage  .   (no gloves)
Will    .....                   (no boots)
Stlth   ..........              (no amulet)
HPRegen 0.13/turn               (no ring)
MPRegen 0.08/turn               (no ring)

@: no status effects
A: horns 2, retaliatory headbutt
a: no special abilities


You were on level 3 of the Dungeon.
You visited 1 branch of the dungeon, and saw 3 of its levels.

You collected 34 gold pieces.

Inventory:

Hand Weapons
 a - a +0 war axe (weapon)
Armour
 b - a +0 scale mail (worn)
 c - a +0 buckler (worn)
Scrolls
 f - a scroll of identify {unknown}
 h - a scroll of teleportation {unknown}
 i - a scroll of enchant weapon {unknown}
 k - a scroll of noise {unknown}
Potions
 d - 2 potions of might
 e - a potion of invisibility {unknown}
 g - a potion of degeneration {unknown}
 j - a potion of haste {unknown}


   Skills:
 + Level 4.1 Fighting
 + Level 3.4 Axes
 + Level 4.5 Armour
 + Level 0.4 Dodging
 + Level 4.2 Shields


You had 3 spell levels left.
You didn't know any spells.
Your spell library contained the following spells:

 Spells                   Type           Power      Damage    Failure   Level
 Stone Arrow              Conj/Erth      0%         3d7       99%         3
 Animate Armour           Summ/Erth      0%         N/A       100%        4
 Lehudib's Crystal Spear  Conj/Erth      0%         10d2      100%        8


Dungeon Overview and Level Annotations

Branches:
Dungeon (3/15)

Altars:

Shops:
D:1 !


Innate Abilities, Weirdness & Mutations

You have a pair of horns on your head.
You reflexively headbutt those who attack you in melee.


Message History

You are too confused!
The orc priest invokes the aid of Beogh against you.
Pain shoots through your body!
You hear some strange, mumbled words.
A puff of flame appears from out of thin air!
The puff of flame misses you.
Items here: )) [[ ††.
You closely miss something. You barely miss the orc priest.
The orc priest hits you with a +0 flail.
Something hits you but does no damage.
The orc priest invokes the aid of Beogh against you.
Pain shoots through your body!
You hear some strange, mumbled words.
You are more confused.
You barely miss something. Your headbutt misses something.
You completely miss the orc priest. Something hits you.
The orc priest completely misses you.
You miss something. You slash the orc priest!
The orc priest closely misses you. Something hits you.
You closely miss something. You barely miss the orc priest.
The orc priest hits you with a +0 flail.
Something hits you but does no damage.
The orc priest hits you with a +0 flail.
Something hits you but does no damage.
You closely miss something. You closely miss the orc priest.
The orc priest hits you with a +0 flail!
* * * LOW HITPOINT WARNING * * *
Something hits you.
* * * LOW HITPOINT WARNING * * *
You bump into the rock wall.
The orc priest invokes the aid of Beogh against you.
Pain shoots through your body!
* * * LOW HITPOINT WARNING * * *
Something hits you but does no damage.
You closely miss something. Your headbutt misses something.
You hit the orc priest.
You feel less confused.
The orc priest mumbles some strange prayers to Beogh against you.
Pain shoots through your body!
You die...

#............#
#####........#
###...##.# #...# .#
###.## .# #...# .# .
#.### .###...
.######.#####o......
............@{..#
#######.#######.#
#.# #.# #.. ###


You could see an orc priest.

Vanquished Creatures
  Jessica (D:2)
  An adder (D:2)
  2 orcs (D:3)
  7 ball pythons (D:1)
  3 bats
  5 endoplasms (D:1)
  A giant cockroach (D:1)
  5 goblins (D:1)
  3 hobgoblins (D:1)
  3 kobolds
  A quokka (D:2)
  4 frilled lizards (D:1)
  A rat (D:1)
37 creatures vanquished.

Notes
Turn   | Place    | Note
-------+----------+-------------------------------------------
     0 | D:1      | GigaChad the Minotaur Fighter began the quest for the Orb.
     0 | D:1      | Reached XP level 1. HP: 19/19 MP: 0/0
   236 | D:1      | Reached XP level 2. HP: 27/27 MP: 1/1
   298 | D:1      | Found Quott's Distillery.
   510 | D:1      | Reached XP level 3. HP: 33/33 MP: 2/2
   984 | D:2      | Noticed Jessica
   987 | D:2      | Killed Jessica
  1232 | D:2      | Reached XP level 4. HP: 40/40 MP: 3/3
  1456 | D:3      | HP: 2/40 [orc priest/nerve-wracking pain (4)]
  1457 | D:3      | Killed from afar by an orc priest

Illustrated notes

Levels and vault maps discovered:
D:1:      heliophobic_arrival_battle_scene, layout_basic,
          hellmonk_ecumenical_altar_leap_of_faith, serial_shops,
          nicolae_shop_window_shopping, serial_forest,
          infiniplex_forest_lined_room_2, infiniplex_forest_clump_medium,
          infiniplex_forest_straight_3, infiniplex_forest_clump_long,
          infiniplex_forest_lined_room_2, infiniplex_forest_lined_corner,
          infiniplex_forest_lined_room_2, glass_columns_a
D:2:      layout_loops_cross, uniq_jessica
D:3:      layout_loops_ring, serial_shops, shop, kennysheep_generic_room_2

Skill      XL: |  1  2  3 |
---------------+----------+-----
Armour         | 4 |  4.5
Shields        | 4 |  4.2
Fighting       | 4 |  4.1
Axes           | 3 |  3.4
Dodging        | |  0.4

Action                   |  1- 3 |  4- 6 || total
-------------------------+-------+-------++-------
Melee: War axe           |    61 |    11 ||    72
       Headbutt          |     6 |       ||     6
Armor: Scale mail        |    31 |     4 ||    35
Dodge: Dodged            |    38 |     4 ||    42
Block: Buckler           |    20 |     1 ||    21
